 Dungeon Crawl Stone Soup version 0.28.0-45-g0d030f2227 (webtiles) character file.

Game seed: 7827342644467327067

713 seaoflcl the Skirmisher (level 7, -5/56 HPs)
             Began as a Demonspawn Fighter on Apr 25, 2022.
             Was an Initiate of Gozag.
             Slain by Duvessa
             ... wielding a +0 short sword
              (10 damage)
             ... on level 5 of the Dungeon.
             The game lasted 00:07:43 (5604 turns).

seaoflcl the Skirmisher (Demonspawn Fighter)        Turns: 5604, Time: 00:07:43

Health: -5/56      AC: 16    Str: 25    XL:     7   Next: 41%
Magic:  7/7        EV:  4    Int:  9    God:    Gozag
Gold:   267        SH:  5    Dex: 12    Spells: 6/6 levels left

rFire   . . .      SeeInvis .   a - +0 long sword
rCold   . . .      Faith    .   c - +0 buckler
rNeg    . . .      Spirit   .   l - +0 crystal plate armour
rPois   .          Reflect  .   (helmet restricted)
rElec   .          Harm     .   (no cloak)
rCorr   .          Rampage  .   (no gloves)
Will    +....                   (no boots)
Stlth   ..........              (no amulet)
HPRegen 0.18/turn               j - ring of willpower
MPRegen 0.10/turn               g - +6 ring of strength

@: attractive
A: horns 1, powered by pain 1, demonic magic 1
a: Renounce Religion, Potion Petition, Call Merchant, Bribe Branch


You were on level 5 of the Dungeon.
You worshipped Gozag.
Gozag was aware of your devotion.
You visited 1 branch of the dungeon, and saw 5 of its levels.

You collected 322 gold pieces.
You paid 55 gold pieces to Gozag.

Inventory:

Hand Weapons
 a - a +0 long sword (weapon)
Armour
 b - a +0 scale mail
 c - a +0 buckler (worn)
 l - a +0 crystal plate armour (worn)
Jewellery
 e - a ring of ice
 g - a +6 ring of strength (right hand)
 j - a ring of willpower (left hand)
 k - a ring of fire
 n - a ring of fire
 p - a +6 ring of intelligence
Scrolls
 f - 3 scrolls of identify {unknown}
 h - 2 scrolls of amnesia {unknown}
 m - a scroll of enchant armour {unknown}
 o - 3 scrolls of fog {unknown}
 q - a scroll of fear {unknown}
 r - a scroll of immolation {unknown}
 s - 2 scrolls of enchant weapon {unknown}
Potions
 d - 3 potions of invisibility


   Skills:
 + Level 5.1 Fighting
 + Level 4.0 Long Blades
 + Level 4.6 Armour
 + Level 4.5 Shields


You had 6 spell levels left.
You didn't know any spells.
Your spell library contained the following spells:

 Spells                   Type           Power      Damage    Failure   Level
 Pain                     Necr           0%         1d4       100%        1
 Ensorcelled Hibernation  Hex/Ice        0%         N/A       100%        2
 Passwall                 Tmut/Erth      0%         N/A       100%        2
 Call Canine Familiar     Summ           0%         N/A       100%        3
 Portal Projectile        Hex/Tloc       0%         N/A       100%        3
 Swiftness                Air            0%         N/A       100%        3
 Leda's Liquefaction      Hex/Erth       0%         N/A       100%        4
 Agony                    Necr           0%         N/A       100%        5
 Excruciating Wounds      Necr           0%         N/A       100%        5


Dungeon Overview and Level Annotations

Branches:
Dungeon (5/15)
 Temple: D:4-7

Altars:
Cheibriados
Gozag
Hepliaklqana

Shops:
D:2 ((=

Annotations:
D:4 2 transporters, Malificent's ghost, amateur DjAr
D:5 Duvessa; Prince Ribbit


Innate Abilities, Weirdness & Mutations

You have a pair of small horns on your head.
You sometimes gain a little power by taking damage.
Spells you cast may paralyse adjacent enemies.


Message History

Duvessa hits you with a +0 short sword! x2
You hit Duvessa but do no damage. Your headbutt misses Duvessa.
Duvessa is lightly wounded.
Duvessa hits you with a +0 short sword! Duvessa hits you with a +0 short sword.
* * * LOW HITPOINT WARNING * * *
Duvessa completely misses you.
Things that are here:
20 stones; a +0 chain mail; a +0 dagger Duvessa hits you with a +0 short sword.
* * * LOW HITPOINT WARNING * * *
You hit Duvessa but do no damage.
Duvessa is lightly wounded.
Duvessa hits you with a +0 short sword.
* * * LOW HITPOINT WARNING * * *
Duvessa hits you with a +0 short sword.
* * * LOW HITPOINT WARNING * * *
Duvessa is nearby!
It was a potion of heal wounds.
You feel much better. You block Duvessa's attack.
It was a potion of attraction.
You feel attractive to monsters. Duvessa hits you with a +0 short sword.
Duvessa closely misses you.
You barely miss Duvessa.
Duvessa is lightly wounded.
Duvessa hits you with a +0 short sword!
* * * LOW HITPOINT WARNING * * *
You closely miss Duvessa.
Duvessa is lightly wounded.
You block Duvessa's attack. x2
You hit Duvessa. Your headbutt misses Duvessa.
Duvessa is lightly wounded.
Duvessa hits you with a +0 short sword.
* * * LOW HITPOINT WARNING * * *
Duvessa hits you with a +0 short sword.
* * * LOW HITPOINT WARNING * * *
Duvessa hits you but does no damage.
There is a stone staircase leading up here.
Duvessa hits you with a +0 short sword!
You die...
Your body crumbles into a pile of gold.

..## ...##.
.>..F# .....#
..... # ###..#
#.. ##..###
#...#.....## ##
....#...@..# ..#
........(e.#...
...........#..
#....##..#..#..#
....
#.....#..##..
....
##.##.....#... #
...#..........#
..##.#....#.....#
........###.....#


You could see Duvessa (berserk).

Vanquished Creatures
  A phantom (D:4)
  A kobold brigand (D:5)
  2 scorpions (D:4)
  Dowan (D:5)
  2 jellies (D:4)
  A hound (D:3)
  A bullfrog skeleton (D:5)
  3 orc priests
  An orc wizard (D:4)
  2 hound skeletons (D:4)
  5 adders
  An ufetubus (D:4)
  An adder skeleton (D:4)
  4 worms
  10 orcs
  4 endoplasms
  3 giant cockroaches
  5 goblins
  9 hobgoblins
  5 jackals
  A quokka (D:2)
  4 ball pythons
  2 bats
  A frilled lizard (D:3)
  14 kobolds
  5 rats
89 creatures vanquished.

Notes
Turn   | Place    | Note
-------+----------+-------------------------------------------
     0 | D:1      | seaoflcl the Demonspawn Fighter began the quest for the
                  | Orb.
     0 | D:1      | Reached XP level 1. HP: 18/18 MP: 1/1
   209 | D:1      | Gained mutation: Spells you cast may paralyse adjacent
                  | enemies. [demonic ancestry]
   209 | D:1      | Reached XP level 2. HP: 13/24 MP: 2/2
  1090 | D:2      | Gained mutation: You sometimes gain a little power by
                  | taking damage. [demonic ancestry]
  1090 | D:2      | Reached XP level 3. HP: 26/29 MP: 3/3
  1233 | D:2      | Found Gutuy's Weapon Shoppe.
  1427 | D:2      | Found Risim's Jewellery Boutique.
  1431 | D:2      | Found Daurchejiu's Antique Weapon Shoppe.
  1900 | D:2      | Reached XP level 4. HP: 24/35 MP: 4/4
  2015 | D:2      | Found a faded altar of an unknown god.
  2922 | D:2      | Reached XP level 5. HP: 19/42 MP: 5/5
  3313 | D:3      | Reached skill level 4 in Fighting
  3719 | D:3      | Found a snail-covered altar of Cheibriados.
  3798 | D:3      | Noticed an ogre
  3911 | D:4      | Found a transporter.
  3976 | D:4      | Found a hazy altar of Hepliaklqana.
  3976 | D:4      | Found an opulent altar of Gozag.
  3991 | D:4      | Became a worshipper of Gozag Ym Sagoz the Greedy
  4048 | D:4      | Gained mutation: You have a pair of small horns on your
                  | head. [demonic ancestry]
  4048 | D:4      | Reached XP level 6. HP: 48/48 MP: 6/6
  4684 | D:4      | Found a transporter.
  4687 | D:4      | Noticed Malificent's ghost (amateur DjAr)
  4888 | D:5      | Entered Level 5 of the Dungeon
  4898 | D:5      | Noticed Prince Ribbit
  5159 | D:4      | Reached XP level 7. HP: 44/55 MP: 7/7
  5302 | D:5      | Noticed Duvessa
  5305 | D:5      | Reached skill level 5 in Fighting
  5306 | D:5      | Noticed Dowan
  5328 | D:5      | Killed Dowan
  5604 | D:5      | Slain by Duvessa

Illustrated notes

Levels and vault maps discovered:
D:1:      dpeg_arrival_tiny_k, layout_rooms, minmay_pentomino_q2
D:2:      layout_basic, hellmonk_ecumenical_altar_prayer_group, serial_shops,
          shop, shop, nicolae_shop_bloodbath_and_beyond, roderic_lattice_a,
          st_stairs_11
D:3:      layout_basic, nicolae_overflow_hidden_temple, cheibriados_altar_1
D:4:      layout_loops_corners, mainiacjoe_overflow_large_starburst,
          gammafunk_ghost_mausoleum
D:5:      nicolae_cairo_tiling, layout_cave_pools,
          nicolae_kikubaaqudgha_miasma_corner, grunt_decor_resistance,
          uniq_duvessa, uniq_pikel, uniq_prince_ribbit1, uniq_edmund

Skill      XL: |  1  2  3  4  5  6  7 |
---------------+----------------------+-----
Long Blades    | 2 3 4 |  4.0
Armour         | 3 4 |  4.6
Shields        | 3 4 |  4.5
Fighting       | 4 5 |  5.1

Action                   |  1- 3 |  4- 6 |  7- 9 || total
-------------------------+-------+-------+-------++-------
Melee: Long sword        |   127 |   167 |    51 ||   345
       Headbutt          |       |    12 |    13 ||    25
  Use: Potion            |       |     1 |     3 ||     4
Armor: Scale mail        |   112 |       |       ||   112
       Crystal plate arm |       |   149 |    52 ||   201
Dodge: Dodged            |    83 |    30 |    13 ||   126
Block: Buckler           |    40 |    43 |    31 ||   114
